 Dungeon Crawl Stone Soup version 0.30.1-9-gdf580d7c3d (webtiles) character file.

Game seed: 13644299754348746050

129140 danielguo94 the Bludgeoner (level 17, -2/113 HPs)
             Began as a Gargoyle Fighter on Oct 10, 2023.
             Was the Champion of the Shining One.
             Slain by a black mamba (4 damage)
             ... on level 3 of the Snake Pit.
             The game lasted 00:41:18 (28467 turns).

danielguo94 the Bludgeoner (Gargoyle Fighter)      Turns: 28467, Time: 00:41:19

Health: -2/113     AC: 41    Str: 23    XL:     17   Next: 5%
Magic:  21/25      EV:  8    Int: 10    God:    the Shining One [******]
Gold:   1069       SH: 21    Dex: 15    Spells: 16/16 levels left

rFire   + . .        z - +4 morningstar (elec)
rCold   + + +        r - +1 tower shield {rC+}
rNeg    + + +        V - +4 chain mail {rC+}
rPois   ∞            d - +1 helmet
rElec   +            g - +2 cloak
rCorr   .            y - +0 pair of gloves
SInv    .            c - +1 pair of boots
Will    +....        N - amulet "Jitwyaw" {Acrobat +Inv rElec Dex+2} Stlth
                     U - ring of protection from fire
HPRegen 0.38/turn    f - ring of protection from cold
MPRegen 0.19/turn

%: acrobat
@: marked, flying, slowed, glowing, constricted, studying 2 skills, very slow
A: sickness immunity, AC +12, big wings, negative energy resistance 1,
electricity resistance, torment resistance 1, petrification resistance
a: Renounce Religion, Evoke Invisibility, Divine Shield, Cleansing Flame, Summon
Divine Warrior, Brand Weapon With Holy Wrath


You were on level 3 of the Snake Pit.
You worshipped the Shining One.
The Shining One was exalted by your worship.
You visited 5 branches of the dungeon, and saw 25 of its levels.
You also visited: Sewer, Bailey and Ice Cave.

You collected 2576 gold pieces.
You spent 1507 gold pieces at shops.

Inventory:

Hand Weapons
 a - a +5 flail of protection
 i - a +2 antimagic eveningstar
 z - a +4 morningstar of electrocution (weapon)
Missiles
 o - 2 atropa-tipped darts
 p - 12 curare-tipped darts (quivered)
 s - 3 datura-tipped darts
 B - 18 poisoned darts
 H - 4 throwing nets
 Q - 7 javelins
Armour
 c - a +1 pair of boots (worn)
 d - a +1 helmet (worn)
 g - a +2 cloak (worn)
 r - a +1 tower shield of cold resistance (worn)
 y - a +0 pair of gloves (worn)
 V - a +4 chain mail of cold resistance (worn)
Jewellery
 f - a ring of protection from cold (right hand)
 N - the amulet "Jitwyaw" (around neck) {Acrobat +Inv rElec Dex+2}
   (You found it on level 2 of the Lair of Beasts)

   [amulet of the acrobat]

   It increases your evasion while moving and waiting.
   Dex:       It affects your dexterity (+2).
   rElec:     It insulates you from electricity.
   +Inv:      It lets you turn invisible.
 U - a ring of protection from fire (left hand)
Wands
 w - a wand of paralysis (12)
 D - a wand of digging (7)
 E - a wand of polymorph (10)
 G - a wand of quicksilver (15)
 L - a wand of iceblast (14)
 S - a wand of mindburst (8)
Scrolls
 l - 5 scrolls of vulnerability
 m - 2 scrolls of enchant armour
 q - 3 scrolls of magic mapping
 v - 3 scrolls of blinking
 x - 3 scrolls of fog
 C - 2 scrolls of immolation
 F - a scroll of silence
 M - 6 scrolls of fear
 P - 3 scrolls of poison
 R - 2 scrolls of teleportation
 T - 3 scrolls of summoning
Potions
 b - 2 potions of brilliance
 e - 2 potions of magic
 h - 4 potions of curing
 j - 4 potions of attraction
 k - a potion of berserk rage
 n - a potion of lignification
 t - 3 potions of might
 u - a potion of resistance
 A - 5 potions of haste
 J - 3 potions of mutation
 K - a potion of ambrosia
 O - 2 potions of cancellation


   Skills:
 + Level 15.1 Fighting
 + Level 16.7 Maces & Flails
 - Level 0.4 Throwing
 + Level 16.2 Armour
 + Level 6.6 Dodging
 + Level 16.4 Shields
 * Level 11.7 Invocations
 - Level 1.1 Evocations


You had 16 spell levels left.
You didn't know any spells.
Your spell library contained the following spells:

 Spells                   Type           Power      Damage    Failure   Level
 Beastly Appendage        Tmut           0%         N/A       96%         1
 Kiss of Death            Conj/Necr      0%         2d5       96%         1
 Slow                     Hex            0%         N/A       96%         1
 Ensorcelled Hibernation  Hex/Ice        0%         N/A       99%         2
 Scorch                   Fire           0%         2d5       99%         2
 Wereblood                Tmut           0%         N/A       99%         2
 Confusing Touch          Hex            0%         N/A       100%        3
 Frozen Ramparts          Ice            0%         1d1       100%        3
 Hailstorm                Conj/Ice       0%         3d3       100%        3
 Inner Flame              Hex/Fire       0%         N/A       100%        3
 Ozocubu's Armour         Ice            0%         N/A       100%        3
 Spider Form              Tmut/Pois      0%         N/A       100%        3
 Vampiric Draining        Necr           0%         2d6       100%        3
 Anguish                  Hex/Necr       0%         N/A       100%        4
 Dispel Undead            Necr           0%         3d6       100%        4
 Flame Wave               Conj/Fire      0%         2d4       100%        4
 Ice Form                 Ice/Tmut       0%         N/A       100%        4
 Sticky Flame             Conj/Fire      0%         2d3       100%        4
 Summon Ice Beast         Ice/Summ       0%         N/A       100%        4
 Blade Hands              Tmut           0%         N/A       100%        5
 Fireball                 Conj/Fire      0%         3d3       100%        5
 Irradiate                Conj/Tmut      0%         3d11      100%        5
 Metabolic Englaciation   Hex/Ice        0%         N/A       100%        5
 Summon Forest            Summ/Tloc      0%         N/A       100%        5
 Summon Mana Viper        Hex/Summ       0%         N/A       100%        5
 Yara's Violent Unravell  Hex/Tmut       0%         3d3       100%        5
 Simulacrum               Ice/Necr       0%         N/A       100%        6
 Summon Cactus Giant      Summ           0%         N/A       100%        6
 Dragon Form              Tmut           0%         N/A       100%        7
 Enfeeble                 Hex            0%         N/A       100%        7
 Monstrous Menagerie      Summ           0%         N/A       100%        7
 Ozocubu's Refrigeration  Ice            0%         4d7       100%        7


Dungeon Overview and Level Annotations

Branches:
Dungeon (14/15)            Temple (1/1) D:7            Lair (5/5) D:9
 Shoals (0/4) Lair:3        Snake (3/4) Lair:3        Slime (0/5) Lair:4
    Orc (2/2) D:11            Elf (0/3) Orc:2         Sewer (visited)
 Bailey (visited)           IceCv (visited)
 Vaults: D:13-14

Altars:
Ashenzari
Cheibriados
Dithmenos
Elyvilon
Fedhas
Gozag
Hepliaklqana
Kikubaaqudgha
Makhleb
Nemelex Xobeh
Okawaru
Qazlal
Ru
Sif Muna
Trog
Uskayaw
Vehumet
Wu Jian
Xom
Yredelemnul
Zin
The Shining One
Jiyva

Shops:
D:2 ?   Orc:2 =(:*   Snake:1 =


Innate Abilities, Weirdness & Mutations

You are immune to sickness and miasma.
Your stone body is resilient. (AC +12)
You are immune to poison.
Your large and strong wings let you fly.
You resist negative energy. (rN+)
You are resistant to electric shocks. (rElec)
You are resistant to unholy torment.
You are immune to petrification.


Message History

The black mamba bites you but does no damage. x2
The anaconda bites you but does no damage.
The anaconda constricts you. The naga spits poison at you.
The splash of poison misses you.
The guardian serpent casts a spell at you.
The bolt of poison hits the black mamba!
The bolt of poison hits you but does no damage.
You resist.
The bolt of poison hits the black mamba.
The black mamba barely misses you.
The black mamba bites you but does no damage.
You hear a shout! x2
You sock the anaconda!
The anaconda is moderately wounded.
You block the anaconda's attack. The anaconda constricts you.
You block the black mamba's attack. x2; The anaconda closely misses you.
The anaconda constricts you.
The black mamba bites you but does no damage.
You block the black mamba's attack. The naga barely misses you.
You block the black mamba's attack. The black mamba barely misses you.
The anaconda bites you.
* * * LOW HITPOINT WARNING * * *
The anaconda constricts you.
The black mamba bites you but does no damage.
You puncture the anaconda!
The anaconda is heavily wounded.
You block the black mamba's attack. x2; The black mamba barely misses you.
The anaconda completely misses you. The anaconda constricts you.
The naga warrior roars a battlecry!
The nagas go into a battle-frenzy!
You block the guardian serpent's attack.
You block the naga warrior's attack.
A naga comes into view. It is wielding a +0 hand axe.
The naga warrior roars a battlecry!
The nagas go into a battle-frenzy!
The naga hits you but does no damage.
The black mamba bites you but does no damage.
The black mamba bites you.
You die...

..
##...........#.
<.
#..............
.#
#..............
#
#.............#
#
#..............
?
#..............
..
##....SNN......
..
#...NNS@S....#
..
#...N.S.SN.....
#.....N........
#..............
##.....N.......
##....N.......
##...........
####.N######


You could see 3 naga warriors, a salamander (strong), an anaconda, a naga
ritualist (strong), a guardian serpent, 3 black mambas and 5 nagas.

Vanquished Creatures
  A storm dragon (D:13)
  Kirke (Lair:4)
  A frost giant (D:13)
  A fire giant (D:13)
  A reaper (IceCv)
  An ettin (Orc:1)
  Snorg (Lair:5)
  Harold (Lair:1)
  5 centaur warriors
  5 boulder beetles
  4 ogre magi (Orc:2)
  5 anacondas
  19 two-headed ogres
  12 naga warriors
  A tengu warrior (D:13)
  Urug (Lair:2)
  4 shock serpents
  5 death yaks (Lair:2)
  5 naga sharpshooters
  Sonja (Lair:2)
  Amaemon (Lair:2)
  4 naga ritualists
  A lindwurm (Lair:5)
  2 phantasmal warriors (Snake:1)
  An ugly thing (D:12)
  3 orc knights
  A harpy (Lair:3)
  An orc sorcerer (Orc:2)
  2 deep elf pyromancers
  3 manticores
  7 mana vipers
  2 cyclopes
  9 salamanders
  17 elephants
  3 guardian serpents
  An ice statue (IceCv)
  11 naga magi
  22 black mambas
  5 cane toads
  An orange demon (Lair:2)
  2 torpor snails
  2 gargoyles (D:11)
  2 unseen horrors
  9 komodo dragons
  2 rime drakes
  A freezing wraith (IceCv)
  2 spectral nagas (Snake:1)
  11 trolls
  5 polar bears
  7 hornets
  A raiju (shapeshifter) (D:13)
  18 blink frogs
  8 dream sheep
  A vampire (D:11)
  14 spriggans
  A culicivora (shapeshifter) (D:13)
  2 wraiths
  Sigmund (D:5)
  2 hogs (Lair:3)
  A centaur simulacrum (D:13)
  67 yaks
  2 shadows (D:11)
  2 dire elephant simulacra (IceCv)
  4 wyverns
  5 basilisks
  9 vampire mosquitoes
  3 death yak simulacra (IceCv)
  Edmund (D:5)
  Grum (Lair:3)
  21 nagas
  2 steam dragons
  5 acid dragons
  14 water moccasins
  A hydra simulacrum (IceCv)
  25 orc warriors
  30 ogres
  7 black bears
  An ice beast (D:8)
  29 wolves
  4 boggarts (Lair:5)
  16 centaurs
  A kobold brigand (D:10)
  13 bullfrogs
  A gnoll sergeant (D:8)
  2 two-headed ogre simulacra (IceCv)
  4 scorpions
  9 wights
  3 elephant simulacra (IceCv)
  A killer bee (D:7)
  4 howler monkeys
  An electric eel (D:8)
  3 hounds
  2 jellies
  3 orc priests
  5 iguanas
  10 orc wizards
  3 polar bear simulacra (IceCv)
  9 spriggan simulacra (IceCv)
  A statue (D:5)
  10 troll simulacra (IceCv)
  3 wolf simulacra (IceCv)
  A gnoll (shapeshifter) (D:13)
  8 gnolls
  A river rat (D:6)
  13 adders
  9 naga simulacra (IceCv)
  A shadow imp (D:6)
  16 white imps
  3 ufetubi
  4 worms
  3 dart slugs
  45 orcs
  8 bats
  8 endoplasms
  4 giant cockroaches
  9 goblins
  8 hobgoblins
  7 jackals
  4 quokkas
  10 ball pythons
  A frilled lizard (D:2)
  15 kobolds
  4 rats
783 creatures vanquished.

Vanquished Creatures (others)
  A hydra (Lair:4)
  A human (D:14)
  An orc (Orc:1)
3 creatures vanquished.

Grand Total: 786 creatures vanquished

Notes
Turn   | Place    | Note
-------+----------+-------------------------------------------
     0 | D:1      | danielguo94 the Gargoyle Fighter began the quest for the
                  | Orb.
     0 | D:1      | Reached XP level 1. HP: 14/14 MP: 1/1
    85 | D:1      | Reached XP level 2. HP: 20/20 MP: 2/2
   400 | D:1      | Reached XP level 3. HP: 4/24 MP: 3/3
  1038 | D:2      | Reached XP level 4. HP: 24/29 MP: 4/4
  1247 | D:2      | Found Qerih's Distillery.
  1256 | D:2      | Bought a potion of heal wounds for 70 gold pieces
  1460 | D:2      | Reached XP level 5. HP: 33/33 MP: 5/5
  1539 | D:2      | Found a faded altar of an unknown god.
  1803 | D:2      | Found Kupiyroc's Magic Scroll Boutique.
  1817 | D:2      | Bought a scroll of identify for 20 gold pieces
  2738 | D:4      | Reached skill level 1 in Dodging
  2966 | D:4      | Reached XP level 6. HP: 39/39 MP: 6/6
  3020 | D:4      | Noticed a yak
  3124 | D:5      | Entered Level 5 of the Dungeon
  3355 | D:5      | Noticed Sigmund
  3365 | D:5      | Killed Sigmund
  3366 | D:5      | Reached skill level 5 in Maces & Flails
  3366 | D:5      | Reached XP level 7. HP: 39/44 MP: 7/7
  3370 | D:5      | Found a radiant altar of Vehumet.
  3485 | D:5      | Found an ancient bone altar of Kikubaaqudgha.
  3575 | D:5      | Noticed Edmund
  3700 | D:4      | Noticed a yak
  3715 | D:4      | Noticed a yak
  3732 | D:3      | Killed a yak
  3733 | D:3      | Reached skill level 5 in Fighting
  3733 | D:3      | Reached skill level 5 in Armour
  3941 | D:4      | Noticed a yak
  3953 | D:4      | Killed a yak
  3954 | D:4      | Reached XP level 8. HP: 38/49 MP: 8/8
  4113 | D:4      | Killed a yak
  4116 | D:4      | Killed a yak
  4580 | D:6      | Found a glowing drain.
  4589 | Sewer    | Entered a sewer
  4792 | D:6      | Reached XP level 9. HP: 47/55 MP: 9/9
  4951 | D:6      | Reached skill level 1 in Evocations
  5099 | D:5      | Killed Edmund
  5334 | D:5      | Reached skill level 5 in Shields
  5405 | D:7      | Found a flagged portal.
  5414 | Bailey   | Entered a bailey
  6097 | Bailey   | Acquired a +0 antimagic eveningstar
  6099 | Bailey   | Noticed an orc knight
  6099 | Bailey   | Noticed an orc knight
  6222 | Bailey   | Killed an orc knight
  6223 | Bailey   | Reached XP level 10. HP: 63/63 MP: 10/10
  6248 | Bailey   | Killed an orc knight
  6370 | Bailey   | Reached skill level 10 in Maces & Flails
  6590 | D:7      | Found a staircase to the Ecumenical Temple.
  6614 | Temple   | Entered the Ecumenical Temple
  6791 | Temple   | Became a worshipper of the Shining One
  7250 | D:7      | Identified the +0 chain mail "Xoorheorgh" {rElec Dex+3}
  7457 | D:8      | Reached * piety under the Shining One
  8197 | D:9      | Reached XP level 11. HP: 58/68 MP: 11/11
  8261 | D:9      | Found a staircase to the Lair.
  8993 | D:10     | Entered Level 10 of the Dungeon
  9032 | Lair:1   | Entered Level 1 of the Lair of Beasts
  9035 | Lair:1   | Noticed Harold
  9056 | Lair:1   | Killed Harold
  9180 | Lair:1   | Reached skill level 10 in Armour
  9344 | Lair:1   | Reached ** piety under the Shining One
 10473 | Lair:1   | Reached XP level 12. HP: 51/76 MP: 12/12
 11066 | Lair:2   | Reached skill level 10 in Fighting
 11364 | Lair:2   | Identified the amulet "Jitwyaw" {Acrobat +Inv rElec Dex+2}
 11382 | Lair:2   | Noticed Sonja
 11398 | Lair:2   | Killed Sonja
 11689 | Lair:2   | Reached skill level 1 in Invocations
 11847 | Lair:2   | Noticed a death yak
 11849 | Lair:2   | Noticed a death yak
 11849 | Lair:2   | Reached *** piety under the Shining One
 11851 | Lair:2   | Noticed a death yak
 11852 | Lair:2   | Noticed a death yak
 11853 | Lair:2   | Noticed a death yak
 11868 | Lair:2   | Killed a death yak
 11881 | Lair:2   | Noticed Urug
 11889 | Lair:2   | Killed a death yak
 11900 | Lair:2   | Killed a death yak
 11923 | Lair:2   | Killed a death yak
 11924 | Lair:2   | Reached XP level 13. HP: 14/84 MP: 15/15
 12257 | Lair:2   | Noticed Amaemon
 12267 | Lair:2   | Killed Amaemon
 12601 | Lair:2   | Killed Urug
 12928 | D:2      | Bought a potion of heal wounds for 70 gold pieces
 12928 | D:2      | Bought a potion of haste for 140 gold pieces
 12928 | D:2      | Bought 2 potions of might for 112 gold pieces
 12928 | D:2      | Bought a potion of haste for 140 gold pieces
 12928 | D:2      | Bought 2 potions of might for 112 gold pieces
 12928 | D:2      | Bought a potion of curing for 42 gold pieces
 12928 | D:2      | Bought a potion of curing for 42 gold pieces
 12928 | D:2      | Bought a potion of attraction for 42 gold pieces
 12928 | D:2      | Bought a potion of cancellation for 112 gold pieces
 12957 | D:2      | Bought a scroll of teleportation for 30 gold pieces
 13455 | Lair:3   | Noticed Grum
 13697 | Lair:3   | Killed Grum
 14151 | Lair:3   | Reached skill level 5 in Invocations
 14200 | Lair:3   | Found a staircase to the Shoals.
 14297 | Lair:3   | Reached skill level 5 in Dodging
 14400 | Lair:3   | Found a staircase to the Snake Pit.
 15174 | Lair:4   | Noticed Kirke
 15479 | Lair:4   | Killed Kirke
 15544 | Lair:4   | Found a viscous altar of Jiyva.
 15544 | Lair:4   | Found a staircase to the Slime Pits.
 16069 | Lair:5   | Entered Level 5 of the Lair of Beasts
 16123 | Lair:4   | Reached skill level 15 in Maces & Flails
 16590 | Lair:5   | Gained mutation: Your large and strong wings let you fly.
                  | [Gargoyle growth]
 16590 | Lair:5   | Reached XP level 14. HP: 92/92 MP: 18/18
 16607 | Lair:5   | Reached **** piety under the Shining One
 16792 | Lair:5   | Identified the +3 flail "Edarilur" {pain, rC+++ Will- Str+5
                  | Dex-2}
 17323 | Lair:5   | Noticed Snorg
 17336 | Lair:5   | Killed Snorg
 17337 | Lair:5   | Reached skill level 10 in Shields
 19966 | D:11     | Found a staircase to the Orcish Mines.
 20130 | D:11     | Reached ***** piety under the Shining One
 20393 | Orc:1    | Entered Level 1 of the Orcish Mines
 20393 | Orc:1    | Found a frozen archway.
 20393 | Orc:1    | You are sucked into a shaft and drop 1 floor!
 20393 | Orc:2    | Entered Level 2 of the Orcish Mines
 20751 | IceCv    | Entered an ice cave
 20956 | IceCv    | Reached ****** piety under the Shining One
 21117 | IceCv    | Noticed a reaper
 21145 | IceCv    | Killed a reaper
 21258 | IceCv    | Found the +2 Maxwell's thermic engine {flame, freeze, rev}
 21267 | IceCv    | Got the Elucidation of Kindling
 21269 | IceCv    | Got the Catalogue of Hail
 21750 | Orc:2    | Reached XP level 15. HP: 92/99 MP: 21/21
 22499 | Orc:2    | Found Lefuyhuo's Weapon Boutique.
 22499 | Orc:2    | Found Enyczum's General Store.
 22499 | Orc:2    | Found Jousch's Jewellery Shoppe.
 22499 | Orc:2    | Found Ziusyshry's Book Boutique.
 22501 | Orc:2    | Paralysed by an ogre mage for 4 turns
 22512 | Orc:2    | Reached skill level 15 in Armour
 22524 | Orc:2    | Paralysed by an ogre mage for 5 turns
 22796 | Orc:2    | Bought a ring of protection from cold for 425 gold pieces
 22800 | Orc:2    | Bought a potion of heal wounds for 60 gold pieces
 22800 | Orc:2    | Bought a scroll of blinking for 90 gold pieces
 22827 | Orc:2    | Found a staircase to the Elven Halls.
 24002 | D:13     | Noticed a fire giant
 24003 | D:13     | Noticed a frost giant
 24016 | D:13     | Killed a fire giant
 24031 | D:13     | Killed a frost giant
 24049 | D:13     | Noticed a storm dragon
 24070 | D:13     | Killed a storm dragon
 24474 | D:13     | Reached skill level 10 in Invocations
 24775 | D:13     | Got the Compendium of the Wyrd
 24777 | D:13     | Identified the staff of conjuration "Toinupi" {rC++ Int+4}
 24826 | D:14     | Reached XP level 16. HP: 90/106 MP: 23/23
 24832 | D:14     | Paralysed by an ogre mage for 4 turns
 24836 | D:14     | HP: 4/106 [meliai/divine providence (11)]
 25565 | Snake:1  | Entered Level 1 of the Snake Pit
 26689 | Snake:1  | Found Vetuer's Jewellery Shoppe.
 26866 | Snake:1  | Reached skill level 15 in Shields
 27583 | Snake:2  | Reached skill level 15 in Fighting
 28047 | Snake:2  | Reached XP level 17. HP: 8/113 MP: 4/25
 28466 | Snake:3  | HP: 2/113 [anaconda (6)]
 28467 | Snake:3  | Slain by a black mamba

Illustrated notes

Levels and vault maps discovered:
D:1:      dpeg_arrival_windows_large_door, layout_loops_ring,
          minmay_misc_feat_rows, nicolae_concentric_dashed_squares_mild,
          minmay_pentomino_p2
D:2:      layout_basic, serial_aquarium, aquarium_bridge_island_small
          [aquarium_subvault_small_water, aquarium_subvault_wall,
          aquarium_subvault_bridge, aquarium_subvault_window,
          aquarium_subvault_wall], aquarium_window_fake, aquarium_window_1,
          aquarium_window_corridor_3, aquarium_window_fake, aquarium_view_2a,
          aquarium_view_2f, aquarium_balcony_3a, aquarium_pool_1, serial_shops,
          nicolae_shop_stone, nicolae_shop_industrial_runoff,
          nicolae_ecumenical_snake_handling, skrybe_limestone_x
D:3:      layout_basic, minmay_quantized
D:4:      layout_gridville
D:5:      layout_cave_pools, vehumet_statue, kiku_gazebo_pond_becter,
          uniq_edmund, uniq_sigmund
D:6:      layout_cave_pools, gup_sewer_entry_bubbles
D:7:      hangedman_cross_stitches, layout_loops_cross,
          minmay_temple_entry_mini_moons, enter_bailey_3, minmay_parallelograms,
          hangedman_decor_opposing
D:8:      layout_loops_ring, serial_bayou_pond_b, minmay_misc_feat_plants
D:9:      layout_loops_ring, david_lair_generic
D:10:     layout_roguey
D:11:     layout_roguey, david_orc_2
D:12:     layout_irregular_city, dreamdust_wishing_well
D:13:     layout_long_grid, minmay_checkered_concentric_circles
D:14:     minmay_dotted_concentric_squares, layout_gridville,
          ximxim_vaults_locker_room, nicolae_titane, palyth_stone_intersect
Temple:   nicolae_temple_bog_church
Lair:1:   layout_cave_pods, uniq_harold
Lair:2:   layout_gridlike, grunt_megastairs_2, lemuel_fruit_fields, uniq_sonja,
          uniq_urug, uniq_amaemon
Lair:3:   beargit_carnivore_pack, layout_layer_cave, nicolae_shoals_entry_roost,
          nicolae_snake_entry_squirm
Lair:4:   layout_loops_ring, slime_entry_1, uniq_kirke
Lair:5:   minmay_lair_end_enchanted_forest, layout_regular_city,
          infiniplex_staircase_pool, uniq_snorg
Snake:1:  layout_chambers, serial_shops, shop,
          nicolae_snake_ghostly_warrior_ritual
Snake:2:  layout_onion_interference, grunt_megastairs_5
Snake:3:  nicolae_aizul_guard, layout_gridlike
Orc:1:    layout_caves, portal_ice_cave_entry_imps, nicolae_orc_lost_temple
Orc:2:    st_orc_ogre_mass, layout_caves

Skill      XL: |  1  2  3  4  5  6  7  8  9 10 11 12 13 14 15 16 |
---------------+-------------------------------------------------+-----
Fighting       | 4 5 6 7 8 9 11 12 13 14 15 | 15.1
Maces & Flails | 3 5 6 7 9 11 12 14 15 16 | 16.7
Armour         | 4 5 6 7 9 11 12 13 14 15 16 | 16.2
Dodging        | 1 2 3 4 5 6 |  6.6
Shields        | 4 6 7 8 9 11 12 16 | 16.4
Evocations     | 1 |  1.1
Invocations    | 3 6 8 10 11 | 11.7
Throwing       | |  0.4

Action                     |  1- 3 |  4- 6 |  7- 9 | 10-12 | 13-15 | 16-18 || total
---------------------------+-------+-------+-------+-------+-------+-------++-------
  Melee: Flail             |   116 |   165 |   320 |   676 |  1540 |       ||  2817
         Unarmed           |       |       |       |     9 |       |       ||     9
         Morningstar       |       |       |       |       |   200 |   451 ||   651
  Throw: Dart              |       |       |     1 |     4 |       |       ||     5
 Invoke: Cleansing Flame   |       |       |       |       |     7 |     7 ||    14
         Divine Shield     |       |       |       |       |     1 |       ||     1
  Evoke: Wand              |       |       |     5 |     3 |       |       ||     8
    Use: Scroll            |       |     3 |     6 |     5 |    20 |     6 ||    40
         Potion            |       |     1 |     6 |     4 |     9 |     3 ||    23
   Stab: Paralysed         |       |       |     6 |       |       |       ||     6
 Armour: Scale mail        |    69 |    63 |       |       |       |       ||   132
         Chain mail        |       |    33 |   170 |   319 |   938 |   248 ||  1708
         Skin              |       |       |     8 |    78 |       |       ||    86
  Dodge: Dodged            |    57 |    82 |   121 |   235 |   751 |   190 ||  1436
  Block: Buckler           |    23 |    41 |    66 |   145 |   280 |       ||   555
         Tower shield      |       |       |       |       |   609 |   561 ||  1170
         Kite shield       |       |       |       |       |    87 |       ||    87
